 Dungeon Crawl Stone Soup version 0.30-a0-748-ge6a52f7cba (webtiles) character file.

Game seed: 10070622726951972468

30 Esekla the Sneak (level 3, 0/26 HPs)
             Began as an Octopode Delver on Feb 8, 2023.
             Was an Initiate of Gozag.
             Frozen to death by an endoplasm (4 damage)
             ... on level 1 of the Dungeon.
             The game lasted 00:06:01 (658 turns).

Esekla the Sneak (Octopode Delver)                   Turns: 658, Time: 00:06:02

Health: 0/26       AC:  1    Str: 11    XL:     3   Next: 18%
Magic:  4/4        EV: 13    Int: 14    God:    Gozag
Gold:   115        SH:  0    Dex: 13    Spells: 3/3 levels left

rFire   . . .      SeeInvis .    a - +0 falchion
rCold   . . .      Faith    .    (no shield)
rNeg    . . .      Spirit   .    (helmet restricted)
rPois   +          Reflect  .    (no amulet)
rElec   .          Harm     .    m - ring of poison resistance
rCorr   .          Rampage  .    (no ring)
Will    .....                    (no ring)
Stlth   ++++                     (no ring)
HPRegen 0.24/turn                (no ring)
MPRegen 0.09/turn                (no ring)
                                 (no ring)
                                 (no ring)

@: gold aura
A: almost no armour, amphibious, 8 rings, camouflage 1, gelatinous body 1,
(nimble swimmer 1), tentacles
a: Renounce Religion, Potion Petition, Call Merchant, Bribe Branch


You were on level 1 of the Dungeon.
You worshipped Gozag.
Gozag was aware of your devotion.
You visited 2 branches of the dungeon, and saw 6 of its levels.

You collected 128 gold pieces.
You paid 13 gold pieces to Gozag.

Inventory:

Hand Weapons
 a - a +0 falchion (weapon)
 s - a +0 dagger
Jewellery
 j - a ring of fire
 m - a ring of poison resistance (left tentacle)
Wands
 f - a wand of digging (3)
Scrolls
 b - a scroll of fog
 c - 2 scrolls of immolation {unknown}
 d - 2 scrolls of fear
 h - 2 scrolls of acquirement {unknown}
 i - 2 scrolls of identify {unknown}
 l - 2 scrolls of noise {unknown}
Potions
 e - 2 potions of haste
 g - a potion of degeneration {unknown}
 n - a potion of flight {unknown}


   Skills:
 * Level 3.2 Fighting
 * Level 2.2 Long Blades
 * Level 2.2 Dodging
 + Level 7.1 Stealth
 * Level 0.7 Spellcasting


You had 3 spell levels left.
You didn't know any spells.
Your spell library contained the following spells:

 Spells                   Type           Power      Damage    Failure   Level
 Dazzling Flash           Conj/Hex       0%         N/A       63%         3
 Agony                    Necr           0%         N/A       100%        5
 Silence                  Hex/Air        0%         N/A       100%        5


Dungeon Overview and Level Annotations

Branches:
Dungeon (5/15)             Temple (1/1) D:5

Altars:
Ashenzari
Cheibriados
Dithmenos
Elyvilon
Fedhas
Gozag
Hepliaklqana
Kikubaaqudgha
Makhleb
Okawaru
Qazlal
Ru
Sif Muna
Trog
Uskayaw
Xom
Yredelemnul
Zin

Annotations:
D:4 Ijyb, Sigmund


Innate Abilities, Weirdness & Mutations

You cannot wear most types of armour.
You are amphibious.
You can wear up to eight rings at the same time.
Your skin changes colour to match your surroundings (Stealth+).
Your rubbery body absorbs attacks. (AC +1, EV +1)
((You are camouflaged when in or above water. (Stealth+)))
You have tentacles for arms and can constrict up to eight enemies at once.


Message History

You see here a +0 whip.
There is a stone staircase leading up here.
You climb upwards.
The endoplasm quivers.
The ball python hisses angrily.
The hobgoblin shouts!
You hear a shout!
Found a leather armour.
There is a stone staircase leading down here.
The endoplasm jiggles.
The endoplasm hits you. The ball python closely misses you.
The ball python grabs you.
You stop descending the stairs.
The ball python constricts you.
You barely miss the hobgoblin.
The frilled lizard hisses angrily.
Your grab misses the hobgoblin. Your squeeze misses the hobgoblin.
The endoplasm barely misses you. The hobgoblin hits you.
The ball python bites you. The ball python constricts you.
The hobgoblin hits you. The endoplasm hits you.
You hit the ball python.
You kill the ball python!
The endoplasm freezes you.
You are frozen.
The hobgoblin closely misses you.
You slash the hobgoblin!
You kill the hobgoblin!
The endoplasm hits you. The frilled lizard bites you.
* * * LOW HITPOINT WARNING * * *
You hit the endoplasm.
The endoplasm is heavily wounded.
The endoplasm freezes you.
You are frozen.
* * * LOW HITPOINT WARNING * * *
The frilled lizard is distracted by your dazzling golden aura.
You closely miss the frilled lizard.
The frilled lizard is no longer distracted by gold.
The frilled lizard hisses angrily.
Your grab misses the frilled lizard.
An endoplasm comes into view.
The endoplasm freezes you.
You are frozen.
You die...
Your body crumbles into a pile of gold.

###########
#..........
#..........
#..........
#..........
#..........
#..J..[...#
#..@...#
#..l$..#
#......#
........#
.........#
#..........#
#..........#
#........J.#


You could see 2 endoplasms and a frilled lizard.

Vanquished Creatures
  A gnoll (D:2)
  An adder (D:2)
  A worm (D:3)
  2 ball pythons
  An endoplasm (D:2)
  A giant cockroach (D:3)
  A goblin (D:3)
  A hobgoblin (D:1)
9 creatures vanquished.

Notes
Turn   | Place    | Note
-------+----------+-------------------------------------------
     0 | D:5      | Esekla the Octopode Delver began the quest for the Orb.
     0 | D:5      | Reached XP level 1. HP: 16/16 MP: 1/1
    40 | D:5      | Noticed a jelly
    73 | D:5      | Noticed an iguana
    95 | D:5      | Found a staircase to the Ecumenical Temple.
    99 | Temple   | Entered the Ecumenical Temple
   106 | Temple   | Became a worshipper of Gozag Ym Sagoz the Greedy
   153 | D:5      | Noticed a scorpion
   225 | D:4      | Noticed Ijyb
   264 | D:4      | Noticed a wight
   309 | D:4      | Noticed Sigmund
   345 | D:4      | Noticed an orc wizard
   345 | D:4      | Noticed an orc priest
   445 | D:3      | Reached XP level 2. HP: 15/21 MP: 2/2
   519 | D:2      | Reached skill level 7 in Stealth
   587 | D:2      | Reached XP level 3. HP: 11/26 MP: 2/4
   658 | D:1      | Frozen to death by an endoplasm

Illustrated notes

Levels and vault maps discovered:
D:1:      elethiomel_arrival_quiet, layout_basic
D:2:      layout_loops_ring, shapermc_ecumenical_altar_mp_highgroup,
          chequers_hall_statues_y
D:3:      layout_rooms, serial_bayou_ford_a, uniq_jessica
D:4:      layout_basic, uniq_ijyb, uniq_sigmund, uniq_edmund
D:5:      layout_layer_cave, minmay_temple_entry_trees,
          gammafunk_ghost_nasty_kobolds
Temple:   nicolae_temple_no_exploring_needed

Skill      XL: |  1  2 |
---------------+-------+-----
Stealth        | 7 |  7.1
Fighting       | |  3.2
Long Blades    | |  2.2
Dodging        | |  2.2
Spellcasting   | |  0.7

Action                     || total
---------------------------++-------
  Melee: Falchion          ||    25
         Constrict         ||     2
         Tentacles         ||     3
         Dagger            ||     2
         Punch             ||     1
    Use: Scroll            ||     1
   Stab: Sleeping          ||     3
  Dodge: Dodged            ||    12

Table legend: (Time is in decaauts)
 A = Elapsed time spent in this place.
 B = Non-inter-level travel time spent in this place.
 C = Inter-level travel time spent in this place.
 D = Time resting spent in this place.
 E = Time spent auto-exploring this place.
 F = Levels seen in this place.
 G = Mean time per level.
                   A        B        C        D        E       F      G
               +--------+--------+--------+--------+--------+-----+--------+
         Total |    660 |    652 |      8 |     66 |      0 |   6 |  110.0 |
       Dungeon |    645 |    644 |      1 |     66 |      0 |   5 |  129.0 |
        Temple |     14 |      7 |      7 |      0 |      0 |   1 |   14.0 |
               +--------+--------+--------+--------+--------+-----+--------+

Top non-repeatable levels by time:
     D:5: 198 daAuts
     D:2: 192 daAuts
     D:4: 152 daAuts
     D:3: 91 daAuts
  Temple: 14 daAuts
     D:1: 10 daAuts
